 Dungeon Crawl Stone Soup version 0.14.2 (webtiles) character file.

4850 foobarfoo the Reanimator (level 10, -5/65 HPs)
             Began as a Demonspawn Necromancer on May 15, 2017.
             Was a Priest of Nemelex Xobeh.
             Slain by an elephant slug (29 damage)
             ... on Level 10 of the Dungeon.
             The game lasted 00:41:41 (9217 turns).

foobarfoo the Reanimator (Demonspawn Necromancer)   Turns: 9217, Time: 00:41:41

HP  -5/65        AC 23     Str 10      XL: 10   Next: 18%
MP  19/25        EV 14     Int 18      God: Nemelex Xobeh [***...]
Gold 264         SH  0     Dex 15      Spells:  6 memorised,  8 levels left

rFire  + . .     SeeInvis .     x - +2,+0 mace (protect)
rCold  . . .     Clarity  .     L - +3 leather armour {rF+}
rNeg   . . .     Conserve .     (no shield)
rPois  .         rCorr    .     (helmet restricted)
rElec  .         rRot     .     u - +0 cloak
SustAb . .       Spirit   .     D - +2 pair of gloves of Rotation {Acc+2 Stlth--}
rMut   .         Warding  .     (no boots)
Saprov . . .     Stasis   .     (no amulet)
MR     .....                    F - +1 ring of strength
                                y - ring of wizardry

@: not resistant to hostile enchantments, very unstealthy
A: antennae 1, iridescent scales 3, powered by death 1
a: Draw One, Peek at Two, Triple Draw, Renounce Religion


You were on level 10 of the Dungeon.
You worshipped Nemelex Xobeh.
Nemelex Xobeh was most pleased with you.
You were very hungry.

You visited 2 branches of the dungeon, and saw 11 of its levels.
You also visited: Sewer.

You collected 489 gold pieces.
You spent 225 gold pieces at shops.

Inventory:

Hand weapons
 w - a cursed +3,+3 halberd of freezing
 x - a +2,+0 mace of protection (weapon)
Missiles
 g - 6 tomahawks (quivered)
 p - 3 javelins
Armour
 j - a +0 robe of resistance
 u - a +0 cloak (worn)
 D - the +2 pair of gloves of Rotation (worn) {Acc+2 Stlth--}
   (You found it on level 4 of the Dungeon)

   It affects your accuracy with ranged weapons and melee attacks (+2).
   It makes you much less stealthy.
 L - a +3 leather armour of fire resistance (worn)
 T - a +1 robe of cold resistance
Magical devices
 h - a wand of digging (18) {unknown}
 G - a wand of frost (18)
Comestibles
 c - 4 bread rations
 r - 3 royal jellies
Scrolls
 f - 6 scrolls of teleportation
 n - 3 scrolls of fog
 v - a scroll of blinking
 z - 3 scrolls of magic mapping
 K - 4 scrolls of remove curse
 S - 2 scrolls of amnesia
Jewellery
 d - an uncursed ring of poison resistance {unknown}
 i - an uncursed ring of teleportation
 o - an uncursed amulet of guardian spirit {unknown}
 s - an uncursed ring of fire
 y - a ring of wizardry (left hand)
 F - a +1 ring of strength (right hand)
 H - a +1 ring of protection
Potions
 e - 5 potions of curing
 t - 2 potions of might
 E - 2 potions of restore abilities
 N - a potion of lignification
 O - 3 potions of mutation
 Z - a potion of haste
Books
 b - a book of Necromancy

   Spells                             Type                      Level
   *Pain                              Necromancy                   1
   *Animate Skeleton                  Necromancy                   1
   Lethal Infusion                    Charms/Necromancy            2
   *Vampiric Draining                 Necromancy                   3
   *Regeneration                      Charms/Necromancy            3
   *Animate Dead                      Necromancy                   4
   *Control Undead                    Necromancy                   4
 m - a book of Summonings

   Spells                             Type                      Level
   Abjuration                         Summoning                    3
   Recall                             Summoning/Translocation      3
   Summon Elemental                   Summoning                    4
   Shadow Creatures                   Summoning                    5
   Summon Demon                       Summoning                    5
   Monstrous Menagerie                Summoning                    6
 B - a book of Party Tricks

   Spells                             Type                      Level
   Summon Butterflies                 Summoning                    1
   Apportation                        Translocation                1
   Blink                              Translocation                2
   Alistair's Intoxication            Transmutation/Poison         4
   Tukima's Dance                     Hexes                        5
Miscellaneous
 a - a plain deck of escape {drawn: 5}


   Skills:
 + Level 1.1 Fighting
 + Level 1.5 Maces & Flails
 + Level 0.6 Throwing
 + Level 2.1 Armour
 + Level 5.9 Dodging
 + Level 2.2 Stealth
 * Level 7.7 Spellcasting
 * Level 4.3 Charms
 * Level 10.3 Necromancy
 + Level 1.3 Evocations


You had 8 spell levels left.
You knew the following spells:

 Your Spells              Type           Power        Failure   Level  Hunger
a - Pain                  Necr           ####         1%          1    None
b - Animate Skeleton      Necr           N/A          1%          1    None
c - Vampiric Draining     Necr           #####.....   1%          3    #......
d - Animate Dead          Necr           N/A          1%          4    ###....
e - Regeneration          Chrm/Necr      ####......   1%          3    #......
f - Control Undead        Necr           #####.....   1%          4    ###....


Dungeon Overview and Level Annotations

Branches:
Dungeon (10/15)            Temple (1/1) D:7             Orc (0/4) D:9
   Lair: D:8-11

Altars:
Ashenzari
Cheibriados
Dithmenos
Elyvilon
Fedhas
Kikubaaqudgha
Makhleb
Nemelex Xobeh
Okawaru
Sif Muna
Trog
Vehumet
Xom
Yredelemnul
Zin
The Shining One

Shops:
D:5 [   D:6 !:%[   D:7 !   D:8 [

Annotations:
D:2 exclusion: inept feature mimic


Innate Abilities, Weirdness & Mutations

You have a pair of small antennae on your head.
You are completely covered in iridescent scales (AC +8).
You can steal the life force of nearby defeated enemies.


Message History

You hit the elephant slug.
The elephant slug is lightly wounded.
The elephant slug bites you.
You hit the elephant slug.
The elephant slug is lightly wounded.
You hit the elephant slug but do no damage.
The elephant slug is lightly wounded.
The elephant slug bites you!
You hit the elephant slug.
The elephant slug is lightly wounded.
You hit the elephant slug.
The elephant slug is lightly wounded.
The elephant slug bites you!
You hit the elephant slug.
The elephant slug is lightly wounded.
You hit the elephant slug but do no damage.
The elephant slug is lightly wounded.
The elephant slug bites you!
You die...
Your body glows with a rainbow of weird colours and disappears.

...+.# #.# # ......#.#
#.# # .......#.# #.# #
........#.######.## #
.........#.....<...# #
.........#.#######.# #
.........#.#######.#####
..........#.............'
........@.#.#######.#####
########j##.#######.# #
#.##.......#.# #
#.......##.#.# #
##.####<# #.# # #.# .#
#.# # #.# # ..# # #.# ...
+ #+# .## #


You could see an elephant slug.

Vanquished Creatures
  An elephant (D:10)
  A queen bee (D:8)
  A troll (D:10)
  An elephant slug (D:10)
  A hungry ghost (D:7)
  A sky beast (D:10)
  A phantom (D:6)
  5 giant goldfish (D:7)
  A black bear (D:7)
  A centaur (D:6)
  4 ogres
  An orc warrior (D:7)
  A big kobold (D:8)
  A scorpion (D:8)
  2 giant frogs
  3 wights
  9 killer bees
  An electric eel (D:7)
  2 crimson imps
  A big fish (D:7)
  3 hounds
  A jelly (D:10)
  An orc priest (D:3)
  9 worker ants
  An orc wizard (D:8)
  A basilisk skeleton (D:10)
  A killer bee zombie (D:9)
  An ogre skeleton (D:6)
  Terence (D:2)
  6 gnolls
  6 green rats
  9 adders
  A shadow imp (D:5)
  2 giant mites
  3 worms
  An adder skeleton (D:5)
  A giant eyeball (D:10)
  2 oozes
  13 orcs
  7 ball pythons (Sewer)
  9 giant cockroaches
  8 goblins
  8 hobgoblins
  6 jackals
  6 quokkas
  4 bats
  11 giant geckos
  2 giant gecko skeletons
  6 giant newts
  A gnoll skeleton (D:4)
  14 kobolds
  A kobold skeleton (D:6)
  45 rats
230 creatures vanquished.

Vanquished Creatures (collateral kills)
  A wraith (D:10)
  A centaur (D:8)
  An orc warrior (D:8)
  A crocodile (D:10)
  A giant frog (Sewer)
  A scorpion (D:4)
  An eye of draining (D:8)
  8 killer bees
  A goliath beetle (D:6)
  6 wights
  A centaur skeleton (D:6)
  A crimson imp (D:4)
  A big fish (D:7)
  An orc wizard (D:8)
  An orange rat (D:8)
  3 worker ants
  An ogre zombie (D:10)
  A sheep (D:10)
  4 adders
  4 green rats
  2 giant geckos (D:8)
  3 orcs
  7 ball pythons
  A bat skeleton (D:4)
  A giant cockroach (D:4)
  3 hobgoblins
  A jackal (D:1)
  2 bats
  A giant newt (Sewer)
  A hobgoblin skeleton (D:4)
  3 kobolds
  13 rats
78 creatures vanquished.

Vanquished Creatures (others)
  A troll zombie (D:10)
  A queen bee zombie (D:8)
  A hound (D:10)
  7 killer bee zombies
  2 ogre zombies
  A hound skeleton (D:10)
  A white imp (D:10)
  An adder skeleton (D:2)
  A bat skeleton (D:1)
  A bat zombie (D:6)
  A gnoll zombie (D:6)
  2 ball python skeletons (Sewer)
  3 ball python zombies (Sewer)
  A giant cockroach zombie (D:4)
  A giant gecko skeleton (D:1)
  2 giant gecko zombies
  A giant newt skeleton (D:1)
  A gnoll skeleton (D:6)
  A goblin skeleton (D:1)
  A hobgoblin zombie (D:10)
  A jackal skeleton (D:3)
  A kobold (D:5)
  A kobold skeleton (D:3)
  A kobold zombie (D:7)
  8 orc skeletons
  3 orc zombies
  2 quokka skeletons
  A rat skeleton (D:4)
  16 rat zombies
65 creatures vanquished.

Grand Total: 373 creatures vanquished

Notes
Turn   | Place    | Note
--------------------------------------------------------------
     0 | D:1      | foobarfoo, the Demonspawn Necromancer, began the quest for the Orb.
     0 | D:1      | Reached XP level 1. HP: 13/13 MP: 3/3
     2 | D:1      | Learned a level 1 spell: Animate Skeleton
   285 | D:1      | Gained mutation: You are partially covered in iridescent scales (AC +4). [demonic ancestry]
   285 | D:1      | Reached XP level 2. HP: 5/19 MP: 1/4
  1287 | D:2      | Reached XP level 3. HP: 24/24 MP: 4/6
  1292 | D:2      | Learned a level 3 spell: Vampiric Draining
  1538 | D:2      | Reached skill level 5 in Necromancy
  1698 | D:2      | Noticed Terence
  1715 | D:2      | Killed Terence
  2139 | D:3      | Gained mutation: You have a pair of small antennae on your head. [demonic ancestry]
  2139 | D:3      | Reached XP level 4. HP: 26/30 MP: 3/9
  2154 | D:3      | Learned a level 4 spell: Animate Dead
  2378 | D:3      | Reached XP level 5. HP: 8/35 MP: 4/11
  2426 | D:2      | Found a shimmering altar of Xom.
  2719 | D:3      | Found a snail-covered altar of Cheibriados.
  2982 | D:4      | Reached skill level 6 in Necromancy
  2995 | D:4      | Gained mutation: You are mostly covered in iridescent scales (AC +6). [demonic ancestry]
  2995 | D:4      | Reached XP level 6. HP: 22/41 MP: 1/15
  3023 | D:4      | Found a shadowy altar of Dithmenos.
  3065 | D:4      | Noticed an ogre
  3078 | D:4      | Killed an ogre
  3196 | D:4      | Found a glowing drain.
  3200 | Sewer    | Entered a sewer
  3432 | Sewer    | Gained mutation: You are completely covered in iridescent scales (AC +8). [demonic ancestry]
  3432 | Sewer    | Reached XP level 7. HP: 41/46 MP: 15/18
  3565 | Sewer    | Reached skill level 5 in Spellcasting
  3658 | D:4      | Got a pair of jewelled gloves
  3784 | D:4      | Reached skill level 7 in Necromancy
  3952 | D:4      | Learned a level 3 spell: Regeneration
  3957 | D:4      | Learned a level 4 spell: Control Undead
  4075 | D:5      | Entered Level 5 of the Dungeon
  4280 | D:5      | Found Boahef's Antique Armour Boutique.
  4441 | D:5      | Bought a glowing leather armour for 46 gold pieces
  4968 | D:5      | Found a shimmering altar of Xom.
  5025 | D:6      | Found Rureho's Distillery.
  5032 | D:6      | Bought a potion of lignification for 26 gold pieces
  5032 | D:6      | Bought a potion of mutation for 32 gold pieces
  5032 | D:6      | Bought a potion of berserk rage for 39 gold pieces
  5032 | D:6      | Bought a potion of restore abilities for 39 gold pieces
  5150 | D:6      | Found Smesesuf's Food Boutique.
  5159 | D:6      | Found Vowoyl's Antique Armour Shoppe.
  5162 | D:6      | Bought an embroidered robe for 18 gold pieces
  5173 | D:6      | Reached XP level 8. HP: 31/53 MP: 13/20
  5214 | D:6      | Reached skill level 1 in Charms
  5227 | D:6      | Found Schaowkot's Book Shop.
  5500 | D:6      | Identified the +2 pair of gloves of Rotation {Acc+2 Stlth--} (You found it on level 4 of the Dungeon)
  5704 | D:7      | Found a burning altar of Makhleb.
  5742 | D:7      | Reached skill level 1 in Maces & Flails
  5794 | D:7      | Reached skill level 8 in Necromancy
  5825 | D:7      | Found Xadigyko's Distillery.
  5901 | D:7      | Bought a potion of brilliance for 25 gold pieces
  5992 | D:7      | Found a radiant altar of Vehumet.
  5992 | D:7      | Found a shadowy altar of Dithmenos.
  6016 | D:7      | Reached skill level 1 in Armour
  6157 | D:7      | Reached XP level 9. HP: 55/58 MP: 0/23
  6220 | D:7      | Found a staircase to the Ecumenical Temple.
  6237 | Temple   | Entered the Ecumenical Temple
  6287 | Temple   | Became a worshipper of Nemelex Xobeh the Trickster
  6312 | Temple   | Received a gift from Nemelex Xobeh
  6432 | D:7      | Reached skill level 9 in Necromancy
  6434 | D:7      | Acquired Nemelex Xobeh's first power
  6531 | D:7      | Reached skill level 5 in Dodging
  6753 | D:8      | Found an ancient bone altar of Kikubaaqudgha.
  6799 | D:8      | Found Stoa's Antique Armour Emporium.
  6979 | D:8      | Acquired Nemelex Xobeh's second power
  6979 | D:8      | Received a gift from Nemelex Xobeh
  7253 | D:8      | Reached skill level 1 in Evocations
  7701 | D:8      | Reached skill level 1 in Fighting
  8063 | D:8      | Reached skill level 10 in Necromancy
  8392 | D:9      | Found a staircase to the Orcish Mines.
  8859 | D:10     | Entered Level 10 of the Dungeon
  8869 | D:10     | Noticed an elephant
  8870 | D:10     | Acquired Nemelex Xobeh's third power
  8907 | D:10     | Killed an elephant
  8907 | D:10     | Gained mutation: You can steal the life force of nearby defeated enemies. [demonic ancestry]
  8907 | D:10     | Reached XP level 10. HP: 25/65 MP: 0/25
  8946 | D:10     | Received a gift from Nemelex Xobeh
  8947 | D:10     | HP: 2/65 [elephant slug (34)]
  9217 | D:10     | Slain by an elephant slug

Action                   |  1- 3 |  4- 6 |  7- 9 | 10-12 || total
-------------------------+-------+-------+-------+-------++-------
Melee: Unarmed           |     6 |       |       |       ||     6
       Falchion          |       |    18 |       |       ||    18
       Mace              |       |   147 |   699 |    66 ||   912
Throw: Dart              |     9 |     5 |     3 |       ||    17
       Tomahawk          |       |       |     6 |       ||     6
 Cast: Pain              |    66 |    56 |    52 |       ||   174
       Animate Skeleton  |     8 |    11 |    12 |       ||    31
       Vampiric Draining |       |    14 |    64 |    12 ||    90
       Animate Dead      |       |     4 |    16 |     1 ||    21
       Control Undead    |       |       |     6 |       ||     6
       Regeneration      |       |       |     6 |       ||     6
Invok: Draw One          |       |       |    11 |    11 ||    22
Evoke: Wand              |       |       |     6 |       ||     6
  Use: Scroll            |       |    10 |    17 |       ||    27
       Potion            |       |     2 |     5 |     1 ||     8
 Stab: Distracted        |       |     2 |     1 |     1 ||     4
       Sleeping          |       |     1 |     1 |       ||     2
